 Dungeon Sprint DCSS version 0.27-a0-109-g416527ed24 (webtiles) character file.

Game seed: 9412150041633703563

805 sahdkjhfkaj the Imperceptible (level 7, -8/33 HPs)
             Began as a Spriggan Brigand on Jan 25, 2021.
             Was an Elder of Dithmenos.
             Mangled by an orc warrior
             ... wielding a +0 dire flail
              (11 damage)
             ... in the Dungeon (Sprint VII: "The Pits").
             The game lasted 00:02:22 (235 turns).

sahdkjhfkaj the Imperceptible (Spriggan Brigand)     Turns: 235, Time: 00:02:23

Health: -8/33      AC:  3    Str:  7    XL:     7   Next: 60%
Magic:  8/8        EV: 17    Int: 13    God:    Dithmenos [****..]
Gold:   0          SH:  0    Dex: 19    Spells: 6/6 levels left

rFire    . . .     SeeInvis +   a - +2 dagger
rCold    . . .     Faith    .   (shield restricted)
rNeg     . . .     Spirit   .   b - +0 robe
rPois    .         Reflect  .   (helmet restricted)
rElec    .         Harm     .   c - +0 cloak
rCorr    .         Rampage  .   (gloves unavailable)
Will     +....     NoTele   +   (boots unavailable) Stlth ***+++++++
                                (no amulet)
HPRegen  0.11/turn              (no ring)
MPRegen  0.11/turn              (no ring)

@: wreathed by umbra, very quick
A: very small, unfitting armour, see invisible, speed 3
a: Renounce Religion, Shadow Step


You were in the Dungeon.
You worshipped Dithmenos.
Dithmenos was greatly pleased with you.
You visited 1 branch

Inventory:

Hand Weapons
 a - a +2 dagger (weapon)
Missiles
 d - 8 poisoned darts (quivered)
 e - a curare-tipped dart
Armour
 b - a +0 robe (worn)
 c - a +0 cloak (worn)
Scrolls
 k - a scroll of blinking
 m - 3 scrolls of remove curse
 n - 5 scrolls of amnesia
 o - a scroll of summoning {!r}
Potions
 f - 6 potions of curing
 g - 5 potions of heal wounds
 h - a potion of haste
 i - 4 potions of magic
 j - 3 potions of berserk rage
 l - a potion of invisibility


   Skills:
 - Level 1.5 Fighting
 - Level 2.1 Short Blades
 - Level 2.0 Throwing
 - Level 1.5 Dodging
 + Level 23.0 Stealth


You had 6 spell levels left.
You didn't know any spells.
Your spell library was empty.

Dungeon Overview and Level Annotations

Branches:
Dungeon (1/1)

Altars:
Ashenzari
Cheibriados
Dithmenos
Elyvilon
Fedhas
Gozag
Hepliaklqana
Kikubaaqudgha
Makhleb
Nemelex Xobeh
Okawaru
Qazlal
Ru
Sif Muna
Trog
Uskayaw
Vehumet
Wu Jian
Xom
Yredelemnul
Zin
The Shining One
Beogh
Jiyva
Lugonu


Innate Abilities, Weirdness & Mutations

You are very small and have problems with some larger weapons.
You are too small for most types of armour.
You have supernaturally acute eyesight. (SInv)
You cover ground extremely quickly.


Message History

You hit the orc warrior.
The orc warrior is moderately wounded.
You completely miss the orc.
Your shadow hits the orc but does no damage.
The orc hits you but does no damage.
The orc warrior hits you with a +0 dire flail!
Your magical contamination has completely faded away.
You hit the orc.
The orc is moderately wounded.
An orc comes into view. It is wielding a +2 vampiric dagger.
The orc hits you with a +0 dagger.
The orc warrior hits you with a +0 dire flail!!
Ouch! That really hurt!
* * * LOW HITPOINT WARNING * * *
You emit a cloud of dark smoke.
You hit the orc warrior but do no damage.
The orc warrior is moderately wounded.
The orc completely misses you.
The orc warrior hits you with a +0 dire flail!
You die...

#.####'##'###...<...#
#)#........##.......#
#)#........##.......#
#'###########.......#
#......r# #########
#..#.#..# #.##†##.#
#).§ooor# #.##@##.#
#..#§# # #.....
#######


You could see an orc warrior, 2 orcs and a rat.

Vanquished Creatures
  A deep elf mage (D)
  A warg (D)
  A floating eye (D)
  3 wights (D)
  A worker ant (D)
  A mummy (D)
  A river rat (D)
  An ufetubus (D)
  An orc (D)
  2 giant cockroaches (D)
  2 bats (D)
  A rat (D)
16 creatures vanquished.

Notes
Turn   | Place    | Note
-------+----------+-------------------------------------------
     0 | D        | sahdkjhfkaj the Spriggan Brigand began the quest for the
                  | Orb.
     0 | D        | Reached XP level 1. HP: 10/10 MP: 2/2
    17 | D        | Reached skill level 6 in Stealth
    20 | D        | Found a bloodstained altar of Trog.
    20 | D        | Found a shimmering blue altar of Sif Muna.
    20 | D        | Found a viscous altar of Jiyva.
    20 | D        | Found a hazy altar of Hepliaklqana.
    20 | D        | Found an opulent altar of Gozag.
    21 | D        | Found a glowing golden altar of the Shining One.
    21 | D        | Found a glowing silver altar of Zin.
    21 | D        | Found a basalt altar of Yredelemnul.
    21 | D        | Found a shimmering altar of Xom.
    21 | D        | Found an ornate altar of the Wu Jian Council.
    21 | D        | Found a sacrificial altar of Ru.
    21 | D        | Found a stormy altar of Qazlal.
    21 | D        | Found an iron altar of Okawaru.
    21 | D        | Found a sparkling altar of Nemelex Xobeh.
    21 | D        | Found a burning altar of Makhleb.
    21 | D        | Found a blossoming altar of Fedhas.
    21 | D        | Found a white marble altar of Elyvilon.
    21 | D        | Found a shadowy altar of Dithmenos.
    21 | D        | Found a snail-covered altar of Cheibriados.
    22 | D        | Found a radiant altar of Vehumet.
    22 | D        | Found a corrupted altar of Lugonu.
    22 | D        | Found a roughly hewn altar of Beogh.
    23 | D        | Found an ancient bone altar of Kikubaaqudgha.
    23 | D        | Found a hide-covered altar of Uskayaw.
    23 | D        | Found a broken altar of Ashenzari.
    28 | D        | Became a worshipper of Dithmenos the Shadowed
    73 | D        | Reached skill level 7 in Stealth
    77 | D        | Reached skill level 8 in Stealth
    77 | D        | Reached XP level 2. HP: 14/14 MP: 3/3
    80 | D        | Reached * piety under Dithmenos
    85 | D        | Reached skill level 10 in Stealth
    89 | D        | Noticed a floating eye
    94 | D        | Paralysed by a floating eye for 2 turns
   101 | D        | Killed a floating eye
   102 | D        | Reached skill level 14 in Stealth
   102 | D        | Reached XP level 3. HP: 17/18 MP: 4/4
   102 | D        | Reached XP level 4. HP: 21/22 MP: 5/5
   109 | D        | Reached ** piety under Dithmenos
   132 | D        | Reached skill level 15 in Stealth
   132 | D        | Reached XP level 5. HP: 25/25 MP: 6/6
   181 | D        | Noticed a deep elf mage
   184 | D        | Noticed an orc warrior
   186 | D        | Reached skill level 16 in Stealth
   210 | D        | Killed a deep elf mage
   210 | D        | Reached *** piety under Dithmenos
   211 | D        | Reached skill level 21 in Stealth
   211 | D        | Reached XP level 6. HP: 29/30 MP: 7/7
   211 | D        | Reached XP level 7. HP: 32/33 MP: 8/8
   219 | D        | Reached skill level 22 in Stealth
   227 | D        | Reached **** piety under Dithmenos
   230 | D        | Reached skill level 23 in Stealth
   235 | D        | Mangled by an orc warrior

Illustrated notes

Levels and vault maps discovered:
D:        pitsprint [storerooms_1, entrance_room_1, metal_vault_7, armoury_1,
          mini_pit_1, grid_room_1, main_hall_1, silver_pit, the_coven_3,
          the_vestibule_1, steel_vault_2, golden_pit, hallway_of_sentries,
          crystal_vault_2, iron_vault_2, final_vault]

Skill      XL: |  1  2  3  4  5  6  7 |
---------------+----------------------+-----
Stealth        | 8 14 15 21 23 | 23.0
Fighting       | |  1.5
Short Blades   | |  2.1
Throwing       | |  2.0
Dodging        | |  1.5

Action                   |  1- 3 |  4- 6 |  7- 9 || total
-------------------------+-------+-------+-------++-------
Melee: Dagger            |    16 |    25 |    16 ||    57
Throw: Dart              |     1 |       |       ||     1
  Use: Potion            |       |     2 |       ||     2
 Stab: Sleeping          |     3 |     1 |     3 ||     7
       Invisible         |       |     1 |     2 ||     3
       Distracted        |       |     1 |       ||     1
Armor: Robe              |     5 |     3 |     1 ||     9
Dodge: Dodged            |    13 |    12 |     4 ||    29

Table legend: (Time is in decaauts)
 A = Elapsed time spent in this place.
 B = Non-inter-level travel time spent in this place.
 C = Inter-level travel time spent in this place.
 D = Time resting spent in this place.
 E = Time spent auto-exploring this place.
 F = Levels seen in this place.
 G = Mean time per level.
                   A        B        C        D        E       F      G
               +--------+--------+--------+--------+--------+-----+--------+
         Total |    173 |    160 |     13 |     17 |      0 |   1 |  173.0 |
       Dungeon |    173 |    160 |     13 |     17 |      0 |   1 |  173.0 |
               +--------+--------+--------+--------+--------+-----+--------+

Top non-repeatable levels by time:
       D: 173 daAuts
